NCAA
NORTH CAROLINA TAR HEELS @ SETON HALL PIRATES
04/21/2023
 
TOP OF THE 1ST
North Carolina Tar Heels batting - Pitching for Seton Hall Pirates : RHP Brandon Malet
Pitching: RHP Brandon Malet
Batting: RHB Mike Shelton 0-0: Ball
1-0: Foul Ball, location: 2F
1-1: Ball
2-1: Fly out, F9 (Flyball, 9M)
Batting: LHB Cliff David 0-0: Ball
1-0: Ball
2-0: Foul Ball, location: 2F
2-1: Ball
3-1: Called Strike
3-2: Base on Balls
Batting: SHB Ken Hernández 0-0: Reached on error, E4 (Groundball, 34)
Cliff David to second
Batting: LHB Dan Hamilton 0-0: Called Strike
Cliff David steals 3rd base
Ken Hernández to second
0-1: Ball
1-1: Swinging Strike
1-2: Ball
2-2: Ball
3-2: DOUBLE (Groundball, 3L)
Cliff David scores
Ken Hernández scores
Batting: RHB Miguel Mendoza 0-0: Ball
1-0: Foul Ball, location: 2F
1-1: Ground out 6-3 (Groundball, 6)
Batting: SHB Richard Griffin 0-0: Fly out, F7 (Flyball, 78XD)
Top of the 1st over - 2 run(s), 1 hit(s), 1 error(s), 1 left on base; North Carolina 2 - Seton Hall 0
BOTTOM OF THE 1ST
Seton Hall Pirates batting - Pitching for North Carolina Tar Heels : LHP Jorge Ybarra
Pitching: LHP Jorge Ybarra
Batting: RHB Michael White 0-0: Called Strike
0-1: Bunt for hit - play at first, batter safe!
Batting: RHB Jerry Ward 0-0: Called Strike
0-1: Called Strike
0-2: Ball
1-2: Strikes out looking
Batting: LHB Craig White 0-0: Ball
1-0: Foul Ball, location: 2F
1-1: Foul Ball, location: 2F
1-2: Fielders Choice at 2nd, 1-6 (Groundball, 25)
Batting: RHB Carlos Guevara 0-0: Swinging Strike
0-1: Foul Ball, location: 2F
0-2: Ball
1-2: SINGLE (Line Drive, 7S)
Craig White to second
Batting: LHB Mike Pearson 0-0: Foul Ball, location: 2F
0-1: Fielders Choice at 2nd, U4 (Groundball, 4M)
Bottom of the 1st over - 0 run(s), 2 hit(s), 0 error(s), 2 left on base; North Carolina 2 - Seton Hall 0
TOP OF THE 2ND
North Carolina Tar Heels batting - Pitching for Seton Hall Pirates : RHP Brandon Malet
Batting: RHB Frederick Curtis 0-0: Fly out, F4 (Popup, 4D)
Batting: LHB Dan Chandler 0-0: Ball
1-0: Ball
2-0: Called Strike
2-1: Foul Ball, location: 2F
2-2: Strikes out swinging
Batting: LHB Owen Moreno 0-0: Swinging Strike
0-1: Called Strike
0-2: Strikes out swinging
Top of the 2nd over - 0 run(s), 0 hit(s), 0 error(s), 0 left on base; North Carolina 2 - Seton Hall 0
BOTTOM OF THE 2ND
Seton Hall Pirates batting - Pitching for North Carolina Tar Heels : LHP Jorge Ybarra
Batting: SHB Bob Jordan 0-0: Ball
1-0: Called Strike
1-1: Ball
2-1: Foul Ball, location: 2F
2-2: Ground out 6-3 (Groundball, 6MS)
Batting: RHB Kurt Hart 0-0: Foul Ball, location: 2F
0-1: Ball
1-1: Fly out, F9 (Flyball, 9M)
Batting: RHB Herb Newman 0-0: Ball
1-0: Ball
2-0: Foul Ball, location: 2F
2-1: Called Strike
2-2: Ball
3-2: Base on Balls
Batting: SHB Michael Miller 0-0: SINGLE (Line Drive, 8LS)
Herb Newman to second
Batting: RHB Michael White 0-0: Foul Ball, location: 2F
0-1: Ball
1-1: Ball
2-1: Ground out 6-3 (Groundball, 6)
Bottom of the 2nd over - 0 run(s), 1 hit(s), 0 error(s), 2 left on base; North Carolina 2 - Seton Hall 0
TOP OF THE 3RD
North Carolina Tar Heels batting - Pitching for Seton Hall Pirates : RHP Brandon Malet
Batting: RHB Mike Shelton 0-0: Ball
1-0: Ground out 2-3 (Groundball, 25)
Batting: LHB Cliff David 0-0: Swinging Strike
0-1: Foul Ball, location: 2F
0-2: Strikes out swinging
Batting: SHB Ken Hernández 0-0: Ball
1-0: SINGLE (Flyball, 8LS)
Batting: LHB Dan Hamilton 0-0: Called Strike
0-1: Ball
1-1: Ball
2-1: Ball
3-1: Base on Balls
Ken Hernández to second
Batting: RHB Miguel Mendoza 0-0: Ball
1-0: Ball
2-0: Fly out, F3 (Line Drive, 3)
Top of the 3rd over - 0 run(s), 1 hit(s), 0 error(s), 2 left on base; North Carolina 2 - Seton Hall 0
BOTTOM OF THE 3RD
Seton Hall Pirates batting - Pitching for North Carolina Tar Heels : LHP Jorge Ybarra
Batting: RHB Jerry Ward 0-0: Called Strike
0-1: Ground out 6-3 (Groundball, 6M)
Batting: LHB Craig White 0-0: Ground out 6-3 (Groundball, 6)
Batting: RHB Carlos Guevara 0-0: Ball
1-0: Ball
2-0: Fly out, F8 (Flyball, 8LM)
Bottom of the 3rd over - 0 run(s), 0 hit(s), 0 error(s), 0 left on base; North Carolina 2 - Seton Hall 0
TOP OF THE 4TH
North Carolina Tar Heels batting - Pitching for Seton Hall Pirates : RHP Brandon Malet
Batting: SHB Richard Griffin 0-0: Foul Ball, location: 2F
0-1: Ball
1-1: Ball
2-1: Swinging Strike
2-2: Foul Ball, location: 2F
2-2: Ball
3-2: Foul Ball, location: 2F
3-2: Ground out 1-3 (Groundball, 25)
Batting: RHB Frederick Curtis 0-0: Called Strike
0-1: Ball
1-1: Fly out, F7 (Flyball, 7LM)
Batting: LHB Dan Chandler 0-0: Called Strike
0-1: Ball
1-1: Ball
2-1: SOLO HOME RUN (Flyball, 9D), Distance : 362 ft
Batting: LHB Owen Moreno 0-0: Ball
1-0: Ball
2-0: Ground out 6-3 (Groundball, 6MS)
Top of the 4th over - 1 run(s), 1 hit(s), 0 error(s), 0 left on base; North Carolina 3 - Seton Hall 0
BOTTOM OF THE 4TH
Seton Hall Pirates batting - Pitching for North Carolina Tar Heels : LHP Jorge Ybarra
Batting: LHB Mike Pearson 0-0: Foul Ball, location: 2F
0-1: Ball
1-1: Foul Ball, location: 2F
1-2: Fly out, F8 (Flyball, 8LS)
Batting: SHB Bob Jordan 0-0: Ball
1-0: Called Strike
1-1: Called Strike
1-2: Ball
2-2: Ball
3-2: Fly out, F9 (Flyball, 9S)
Batting: RHB Kurt Hart 0-0: Ball
1-0: SOLO HOME RUN (Line Drive, 8LXD), Distance : 410 ft
Batting: RHB Herb Newman 0-0: Ball
1-0: Ball
2-0: Ball
3-0: Base on Balls
Batting: SHB Michael Miller 0-0: Ball
1-0: Called Strike
1-1: Ground out 1-3 (Groundball, 15S)
Bottom of the 4th over - 1 run(s), 1 hit(s), 0 error(s), 1 left on base; North Carolina 3 - Seton Hall 1
TOP OF THE 5TH
North Carolina Tar Heels batting - Pitching for Seton Hall Pirates : RHP Brandon Malet
Batting: RHB Mike Shelton 0-0: Swinging Strike
0-1: Fly out, F7 (Flyball, 78M)
Batting: LHB Cliff David 0-0: Called Strike
0-1: Foul Ball, location: 2F
0-2: Ball
1-2: Foul Ball, location: 2F
1-2: Strikes out looking
Batting: SHB Ken Hernández 0-0: Ball
1-0: Ball
2-0: Fly out, F8 (Flyball, 8RM)
Top of the 5th over - 0 run(s), 0 hit(s), 0 error(s), 0 left on base; North Carolina 3 - Seton Hall 1
BOTTOM OF THE 5TH
Seton Hall Pirates batting - Pitching for North Carolina Tar Heels : LHP Jorge Ybarra
Batting: RHB Michael White 0-0: Foul Ball, location: 2F
0-1: Swinging Strike
0-2: Ball
1-2: Ball
2-2: Ball
3-2: Foul Ball, location: 2F
3-2: Ground out 2-3 (Groundball, 2L)
Batting: RHB Jerry Ward 0-0: Ball
1-0: Swinging Strike
1-1: Called Strike
1-2: Ball
2-2: Strikes out swinging
Batting: LHB Craig White 0-0: Ball
1-0: Ground out 3-1 (Groundball, 34)
Bottom of the 5th over - 0 run(s), 0 hit(s), 0 error(s), 0 left on base; North Carolina 3 - Seton Hall 1
TOP OF THE 6TH
North Carolina Tar Heels batting - Pitching for Seton Hall Pirates : RHP Brandon Malet
Batting: LHB Dan Hamilton 0-0: Called Strike
0-1: Called Strike
0-2: Foul Ball, location: 2F
0-2: Ball
1-2: Ground out 4-3 (Groundball, 4)
Batting: RHB Miguel Mendoza 0-0: Ball
1-0: Called Strike
1-1: Hit by Pitch
Pitching: RHP Marvin Corbett
Batting: SHB Richard Griffin 0-0: Ball
1-0: Called Strike
1-1: Swinging Strike
1-2: Ball
2-2: Foul Ball, location: 2F
2-2: Strikes out swinging
Batting: RHB Frederick Curtis 0-0: Called Strike
0-1: Foul Ball, location: 2F
0-2: Strikes out looking
Top of the 6th over - 0 run(s), 0 hit(s), 0 error(s), 1 left on base; North Carolina 3 - Seton Hall 1
BOTTOM OF THE 6TH
Seton Hall Pirates batting - Pitching for North Carolina Tar Heels : LHP Jorge Ybarra
Batting: RHB Carlos Guevara 0-0: Called Strike
0-1: Ball
1-1: Ball
2-1: Swinging Strike
2-2: Foul Ball, location: 2F
2-2: Ground out 1-3 (Groundball, 13S)
Pitching: LHP Roger Sutherland
Batting: LHB Mike Pearson 0-0: Ball
1-0: Called Strike
1-1: Ball
2-1: Ball
3-1: Base on Balls
Batting: SHB Bob Jordan 0-0: Called Strike
0-1: Ball
1-1: SINGLE (Groundball, 25) (infield hit)
Mike Pearson to second
Batting: RHB Kurt Hart 0-0: Called Strike
0-1: Ball
1-1: Ball
2-1: Foul Ball, location: 2F
2-2: Ball
3-2: Base on Balls
Mike Pearson to third
Bob Jordan to second
Batting: RHB Herb Newman 0-0: Foul Ball, location: 2F
0-1: Ball
1-1: Foul Ball, location: 2F
1-2: Foul Ball, location: 2F
1-2: Ball
2-2: Ball
3-2: Strikes out swinging
Batting: SHB Michael Miller 0-0: SINGLE (Groundball, 6MD)
Mike Pearson scores
Bob Jordan to third
Kurt Hart to second
Runner from 3rd tries for Home, SAFE, throw made at trailing runner, SAFE at third!
Batting: RHB Michael White 0-0: Called Strike
0-1: Ground out 2-3 (Groundball, 23)
Bottom of the 6th over - 2 run(s), 2 hit(s), 0 error(s), 2 left on base; North Carolina 3 - Seton Hall 3
TOP OF THE 7TH
North Carolina Tar Heels batting - Pitching for Seton Hall Pirates : RHP Marvin Corbett
Batting: LHB Dan Chandler 0-0: Ball
1-0: Ball
2-0: Called Strike
2-1: Foul Ball, location: 2F
2-2: Strikes out swinging
Batting: LHB Owen Moreno 0-0: Ball
1-0: Ball
2-0: Ball
3-0: Base on Balls
Batting: RHB Mike Shelton 0-0: Called Strike
Owen Moreno steals 2nd base
0-1: Fly out, F6 (Line Drive, 6)
Batting: LHB Cliff David 0-0: Swinging Strike
0-1: Called Strike
0-2: Ball
1-2: Strikes out looking
Top of the 7th over - 0 run(s), 0 hit(s), 0 error(s), 1 left on base; North Carolina 3 - Seton Hall 3
BOTTOM OF THE 7TH
Seton Hall Pirates batting - Pitching for North Carolina Tar Heels : LHP Roger Sutherland
Batting: RHB Jerry Ward 0-0: Foul Ball, location: 2F
0-1: DOUBLE (Flyball, 8RD)
Batting: LHB Craig White 0-0: Intentional Walk
Batting: RHB Carlos Guevara 0-0: Ball
1-0: Ball
2-0: Ball
3-0: Called Strike
3-1: Base on Balls
Jerry Ward to third
Craig White to second
Batting: LHB Mike Pearson 0-0: Ball
1-0: Ball
2-0: Called Strike
2-1: Foul Ball, location: 2F
2-2: Ball
3-2: Foul Ball, location: 2F
3-2: Base on Balls
Jerry Ward scores
Craig White to third
Carlos Guevara to second
Batting: SHB Bob Jordan 0-0: Ball
1-0: Ball
2-0: Foul Ball, location: 2F
2-1: Swinging Strike
2-2: Ball
3-2: Base on Balls
Craig White scores
Carlos Guevara to third
Mike Pearson to second
Pitching: RHP Juan Serrano
Batting: RHB Kurt Hart 0-0: Ball
1-0: Ball
2-0: Ball
3-0: Called Strike
3-1: Base on Balls
Carlos Guevara scores
Mike Pearson to third
Bob Jordan to second
Batting: RHB Herb Newman 0-0: Ball
1-0: Ball
2-0: Called Strike
2-1: Fly out, F9 (Flyball, 9S)
Pinch Hitting: LHB Kyle Petersen 0-0: Called Strike
0-1: SINGLE (Line Drive, 6MD)
Mike Pearson scores
Bob Jordan to third
Kurt Hart to second
Batting: RHB Michael White 0-0: Called Strike
0-1: Ball
1-1: SINGLE (Line Drive, 4D)
Bob Jordan scores
Kurt Hart to third
Kyle Petersen to second
Runner from 3rd tries for Home, SAFE, no throw or cutoff
Batting: RHB Jerry Ward 0-0: Called Strike
0-1: Foul Ball, location: 2F
0-2: Strikes out swinging
Batting: LHB Craig White 0-0: Ball
1-0: Swinging Strike
1-1: Ball
2-1: Foul Ball, location: 2F
2-2: Ball
3-2: Strikes out swinging
Bottom of the 7th over - 6 run(s), 3 hit(s), 0 error(s), 2 left on base; North Carolina 3 - Seton Hall 9
TOP OF THE 8TH
North Carolina Tar Heels batting - Pitching for Seton Hall Pirates : RHP Marvin Corbett
Now at C: Dave Barrett
Now at 3B: Will Catlett
Now in RF: Juan Hinojosa
Batting: SHB Ken Hernández 0-0: Ground out 6-3 (Groundball, 6M)
Pitching: RHP Francisco Villanueva
Batting: LHB Dan Hamilton 0-0: SOLO HOME RUN (Flyball, 89XD), Distance : 370 ft
Batting: RHB Miguel Mendoza 0-0: Foul Ball, location: 2F
0-1: Ball
1-1: Ground out 6-3 (Groundball, 56)
Batting: SHB Richard Griffin 0-0: Called Strike
0-1: Ball
1-1: SOLO HOME RUN (Flyball, 9D), Distance : 368 ft
Pitching: RHP Britt Hall
Batting: RHB Frederick Curtis 0-0: Called Strike
0-1: Foul Ball, location: 2F
0-2: Strikes out swinging
Top of the 8th over - 2 run(s), 2 hit(s), 0 error(s), 0 left on base; North Carolina 5 - Seton Hall 9
BOTTOM OF THE 8TH
Seton Hall Pirates batting - Pitching for North Carolina Tar Heels : RHP Juan Serrano
Batting: RHB Carlos Guevara 0-0: Ball
1-0: Ball
2-0: Called Strike
2-1: Ball
3-1: Base on Balls
Batting: LHB Mike Pearson 0-0: Called Strike
0-1: Swinging Strike
0-2: Ball
1-2: SINGLE (Line Drive, 89S)
Carlos Guevara to second
Runner from 2nd tries for 3rd, OUT!
Mike Pearson to second
Batting: SHB Bob Jordan 0-0: Foul Ball, location: 2F
0-1: Foul Ball, location: 2F
0-2: Ball
1-2: Strikes out swinging
Batting: RHB Kurt Hart 0-0: Called Strike
0-1: Ball
1-1: Foul Ball, location: 2F
1-2: Foul Ball, location: 2F
1-2: Ball
2-2: Foul Ball, location: 2F
2-2: Strikes out looking
Bottom of the 8th over - 0 run(s), 1 hit(s), 0 error(s), 1 left on base; North Carolina 5 - Seton Hall 9
TOP OF THE 9TH
North Carolina Tar Heels batting - Pitching for Seton Hall Pirates : RHP Britt Hall
Batting: LHB Dan Chandler 0-0: Swinging Strike
0-1: Called Strike
0-2: SINGLE (Groundball, 6MD)
Batting: LHB Owen Moreno 0-0: Ball
1-0: Foul Ball, location: 2F
1-1: Ball
2-1: Called Strike
2-2: Strikes out looking
Batting: RHB Mike Shelton 0-0: Called Strike
0-1: Foul Ball, location: 2F
0-2: Ball
1-2: Foul Ball, location: 2F
1-2: Ball
2-2: Foul Ball, location: 2F
2-2: Strikes out looking
Batting: LHB Cliff David 0-0: Ground out 6-3 (Groundball, 6)
Top of the 9th over - 0 run(s), 1 hit(s), 0 error(s), 1 left on base; North Carolina 5 - Seton Hall 9
This league is powered by Out of the Park Baseball, the baseball management simulation game for PC, Mac and Linux
Wednesday, December 2nd, 2015 - OOTP Baseball 16.8 Build 38